 Dungeon Crawl Stone Soup version 0.18.1-48-g4cf74bf (webtiles) character file.

1336 GFox the Ruffian (level 8, -3/71 HPs)
             Began as a Minotaur Monk on July 12, 2016.
             Was an Initiate of Gozag.
             Killed from afar by an electric eel (10 damage)
             ... with a bolt of electricity
             ... on level 6 of the Dungeon.
             The game lasted 00:41:28 (5717 turns).

GFox the Ruffian (Minotaur Monk)                    Turns: 5717, Time: 00:41:31

Health: -3/71      AC:  8    Str: 17    XL:     8   Next: 35%
Magic:  7/7        EV: 16    Int:  7    God:    Gozag
Gold:   660        SH:  0    Dex: 14    Spells: 0 memorised, 7 levels left

rFire  x . .     SeeInvis .       - Unarmed
rCold  + . .     Gourm    .     z - +2 robe of Karghot {rN+}
rNeg   + . .     Faith    .     (no shield)
rPois  .         Spirit   .     (helmet restricted)
rElec  .         Dismiss  .     p - +1 cloak
rCorr  +         Reflect  .     e - +0 pair of gloves
SustAt .         Harm     +     j - +0 pair of boots
MR     .....                    c - amulet of harm
Stlth  ++........               C - ring of resist corrosion
                                n - ring of ice

@: not resistant to hostile enchantments, unstealthy
A: retaliatory headbutt, horns 2
a: Potion Petition, Call Merchant, Bribe Branch, Renounce Religion


You were on level 6 of the Dungeon.
You worshipped Gozag.
Gozag was noncommittal.
You were not hungry.

You visited 1 branch of the dungeon, and saw 6 of its levels.

You collected 660 gold pieces.

Inventory:

Armour
 e - a +0 pair of gloves (worn)
 j - a +0 pair of boots (worn)
 p - a +1 cloak (worn)
 z - the +2 robe of Karghot (worn) {rN+}
   (You found it on level 4 of the Dungeon)

   It protects you from negative energy.
Jewellery
 c - an amulet of harm (around neck)
 n - a ring of ice (left hand)
 C - a ring of resist corrosion (right hand)
Wands
 l - a wand of lightning (8/15)
 w - a wand of acid (9/15)
 x - a wand of slowing (28/48)
 y - a wand of disintegration (17/24)
 B - a wand of confusion (34/48)
Scrolls
 a - a scroll of identify
 f - 2 scrolls of enchant weapon
 h - 3 scrolls of remove curse
 k - a scroll of recharging
 o - 4 scrolls of teleportation
 q - 2 scrolls of blinking
 t - a scroll of random uselessness {unknown}
Potions
 g - a potion of might
 i - a potion of heal wounds {unknown}
 m - a potion of brilliance
 r - a potion of magic {unknown}
 s - a potion of curing
 u - a potion of cure mutation {unknown}
 A - a potion of invisibility {unknown}
Comestibles
 b - 3 bread rations
 d - 5 meat rations


   Skills:
 + Level 6.5 Fighting
 + Level 7.1 Dodging
 + Level 4.4 Stealth
 + Level 7.3 Unarmed Combat


You had 7 spell levels left.
You didn't know any spells.

Dungeon Overview and Level Annotations

Branches:
Dungeon (6/15)             Temple (0/1) D:4

Altars:
Ashenzari
Gozag
Kikubaaqudgha
Makhleb
Nemelex Xobeh
Okawaru
Qazlal
Sif Muna
Trog
Vehumet
Xom


Innate Abilities, Weirdness & Mutations

You reflexively headbutt those who attack you in melee.
You have a pair of horns on your head.


Message History

The bolt of electricity hits you!
The electric eel shoots out a bolt of lightning at you!
The bolt of electricity hits you!
The electric eel shoots out a bolt of lightning at you!
The bolt of electricity hits you! x2
* * * LOW HITPOINT WARNING * * *
The bolt of electricity hits the electric eel.
The electric eel completely resists.
The bolt of electricity hits the plant. x2
You hit the plant.
You headbutt the plant, but do no damage.
The plant is lightly damaged.
Drink which item? (? for menu, Esc to quit)
You feel better.
You barely miss the electric eel.
The electric eel shoots out a bolt of lightning at you!
The bolt of electricity hits you!
* * * LOW HITPOINT WARNING * * *
The bolt of electricity hits you!
You die...
Your body crumbles into a pile of gold.

#########.PP♣≈♣♣≈PP.##
### #.≈≈≈≈♣≈≈≈P..# ..#
#≈≈♣≈♣P♣♣≈≈P.# ..#
#PP≈≈≈PPPP♣P..# ..#
#≈≈≈♣PP≈PP≈♣PP#
.#######≈P≈≈.PP#≈≈≈P≈##
........≈≈≈PP###.P≈≈≈P#
#######..P≈≈##
#.P≈♣PP## # #.P♣≈.##
#@;P≈P.P# #
#.P≈≈P.###.≈P≈PP.# #
#.≈≈.P.#...#PP≈≈≈# #
#..PP#...####..≈≈# #
#......### ##### #
########


You could see an electric eel.

Vanquished Creatures
  Grinder (D:3)
  3 ice beasts
  A sky beast (D:5)
  A centaur (D:5)
  2 ogres (D:4)
  An electric eel (D:6)
  A crimson imp (D:5)
  A centaur zombie (D:5)
  A hound (D:6)
  An orc priest (D:6)
  2 centaur skeletons
  2 orc wizards (D:5)
  An iguana (D:5)
  Ijyb (D:3)
  3 worker ants
  4 adders
  A shadow imp (D:6)
  An ooze (D:5)
  3 worms
  2 dart slugs
  A giant gecko (D:4)
  7 orcs
  2 ball pythons
  2 giant cockroaches
  3 goblins (D:1)
  6 hobgoblins
  11 jackals
  2 quokkas
  11 bats
  2 giant gecko skeletons (D:5)
  4 giant newts
  5 kobolds
  9 rats
98 creatures vanquished.

Vanquished Creatures (others)
  2 plants (D:6)
2 creatures vanquished.

Grand Total: 100 creatures vanquished

Notes
Turn   | Place    | Note
--------------------------------------------------------------
     0 | D:1      | GFox the Minotaur Monk began the quest for the Orb.
     0 | D:1      | Reached XP level 1. HP: 19/19 MP: 0/0
   332 | D:1      | Reached XP level 2. HP: 24/27 MP: 1/1
   477 | D:1      | Found a shattered altar of Ashenzari.
   799 | D:1      | Reached skill level 5 in Unarmed Combat
  1166 | D:2      | Reached XP level 3. HP: 33/33 MP: 2/2
  1286 | D:2      | Found an iron altar of Okawaru.
  1286 | D:2      | Found an ancient bone altar of Kikubaaqudgha.
  1288 | D:2      | Found a deep blue altar of Sif Muna.
  1369 | D:2      | Found a sparkling altar of Nemelex Xobeh.
  1644 | D:3      | Found an opulent altar of Gozag.
  1651 | D:3      | Became a worshipper of Gozag Ym Sagoz the Greedy
  1672 | D:3      | Noticed Ijyb
  1680 | D:3      | Killed Ijyb
  1680 | D:3      | Reached XP level 4. HP: 41/41 MP: 3/3
  1726 | D:3      | Noticed Grinder
  1736 | D:3      | Killed Grinder
  1736 | D:3      | Reached skill level 5 in Fighting
  1736 | D:3      | Reached XP level 5. HP: 35/48 MP: 4/4
  1736 | D:3      | Reached XP level 6. HP: 41/56 MP: 5/5
  1806 | D:3      | Reached skill level 5 in Dodging
  1827 | D:3      | Found a bloodstained altar of Trog.
  2388 | D:4      | Found a staircase to the Ecumenical Temple.
  2427 | D:4      | Got a distressingly furry robe
  2438 | D:4      | Identified the +2 robe of Karghot {rN+} (You found it on level 4 of the Dungeon)
  2445 | D:4      | Found a stormy altar of Qazlal.
  2748 | D:4      | HP: 2/56 [ogre/giant spiked club (20)]
  3640 | D:5      | Entered Level 5 of the Dungeon
  3662 | D:5      | Reached XP level 7. HP: 58/61 MP: 6/6
  4151 | D:5      | Found a burning altar of Makhleb.
  4488 | D:5      | Found a shimmering altar of Xom.
  4491 | D:5      | Found a radiant altar of Vehumet.
  4691 | D:6      | Reached XP level 8. HP: 66/70 MP: 7/7
  5717 | D:6      | Killed from afar by an electric eel

Skill      XL: |  1  2  3  4  5  6  7  8 |
---------------+-------------------------+-----
Unarmed Combat | 5 6 7 |  7.3
Fighting       | 4 5 6 |  6.5
Dodging        | 4 5 6 7 |  7.1
Stealth        | 2 3 4 |  4.4

Action                   |  1- 3 |  4- 6 |  7- 9 || total
-------------------------+-------+-------+-------++-------
Melee: Unarmed           |    63 |    49 |   111 ||   223
       Headbutt          |    13 |     9 |    16 ||    38
       Punch             |       |     2 |     7 ||     9
  Use: Scroll            |     3 |     7 |     2 ||    12
       Potion            |       |     6 |     1 ||     7
 Stab: Sleeping          |     4 |     3 |     5 ||    12
  Eat: Fruit             |     1 |     1 |     2 ||     4
       Chunk             |     1 |     1 |       ||     2
       Bread ration      |       |     1 |       ||     1
       Beef jerky        |       |     1 |       ||     1
       Meat ration       |       |       |     1 ||     1
Armor: Robe              |     7 |     4 |    21 ||    32
Dodge: Dodged            |    51 |    35 |    62 ||   148
